AoeStats
← 17_Neo_

Arena

506470753Analyzed
1v1 RM · 19d ago on Sep 13, 2026· 25m 7s· 2 players
Game mode
Random Map
Map size
Tiny (2 player)
Population
200
Speed
Normal
Resources
Standard
Victory
Conquest
Starting age
Dark Age
Ending age
Imperial Age
RankedLock teamsTeams togetherTeam positionsShared explorationLock speedFull tech treeHidden civsTurbo modeCheats
Victory
Defeat
🇦🇺 Spanish · Australia
1604
+19
🇨🇴 Byzantines · Colombia
1668
-19
17_Neo_
10:54 Feudal Age
12:15 Wheelbarrow
14:50 Castle Age
13:17 Horse Collar
13:33 Double-Bit Axe
19:46 Fletching
Sp Bro
11:20 Feudal Age
10:42 Loom
12:51 Double-Bit Axe
15:10 Castle Age
16:50 Bow Saw
Connection lost

Rejoining the realm…

Still unreachable

The connection could not be restored.

Session expired

The server has moved on; the page needs a fresh start.